 Dungeon Crawl Stone Soup version 0.27.1-34-g3ba077fa99 (webtiles) character file.

Game seed: 13947265054606495609

170 backslashecho the Skirmisher (level 5, -2/47 HPs)
             Began as a Gnoll Wanderer on Jan 2, 2022.
             Slain by an iguana (11 damage)
             ... on level 4 of the Dungeon.
             The game lasted 00:08:59 (3711 turns).

backslashecho the Skirmisher (Gnoll Wanderer)       Turns: 3711, Time: 00:09:00

Health: -2/47      AC:  3    Str: 12    XL:     5   Next: 50%
Magic:  7/7        EV: 11    Int: 13    God:
Gold:   93         SH:  0    Dex: 10    Spells: 7/7 levels left

rFire    . . .     SeeInvis +   a - +2 mace
rCold    . . .     Faith    .   (no shield)
rNeg     . . .     Spirit   .   e - +0 leather armour
rPois    .         Reflect  .   (no helmet)
rElec    .         Harm     .   (no cloak)
rCorr    .         Rampage  .   (no gloves)
Will     .....                  (no boots)
Stlth    +.........             (no amulet)
HPRegen  0.15/turn              l - ring of see invisible
MPRegen  0.10/turn              (no ring)

@: no status effects
A: fangs 1, strong nose, distributed training
a: no special abilities


You were on level 4 of the Dungeon.
You visited 1 branch of the dungeon, and saw 5 of its levels.

You collected 93 gold pieces.

Inventory:

Hand Weapons
 a - a +2 mace (weapon)
Missiles
 i - 5 poisoned darts (quivered)
Armour
 e - a +0 leather armour (worn)
Magical Staves
 f - a staff of poison
Jewellery
 l - a ring of see invisible (left hand)
Scrolls
 c - a scroll of teleportation
 k - a scroll of identify {unknown}
Potions
 b - a potion of curing
 d - a potion of mutation {unknown}
 g - 3 potions of haste {unknown}
 h - a potion of attraction {unknown}
 j - a potion of flight {unknown}


   Skills:
 + Level 6.7 Fighting
 + Level 1.5 Short Blades
 + Level 1.5 Long Blades
 + Level 4.8 Axes
 + Level 4.8 Maces & Flails
 + Level 1.5 Polearms
 + Level 1.5 Staves
 + Level 1.5 Slings
 + Level 1.5 Bows
 + Level 1.5 Crossbows
 + Level 3.0 Throwing
 + Level 3.0 Armour
 + Level 1.5 Dodging
 + Level 1.5 Stealth
 + Level 1.5 Shields
 + Level 1.5 Unarmed Combat
 + Level 1.5 Spellcasting
 + Level 1.2 Conjurations
 + Level 1.2 Hexes
 + Level 1.2 Summonings
 + Level 1.2 Necromancy
 + Level 1.2 Translocations
 + Level 1.2 Transmutations
 + Level 1.2 Fire Magic
 + Level 1.2 Ice Magic
 + Level 1.2 Air Magic
 + Level 1.2 Earth Magic
 + Level 1.2 Poison Magic
 + Level 1.7 Invocations
 + Level 3.0 Evocations


You had 7 spell levels left.
You didn't know any spells.
Your spell library was empty.

Dungeon Overview and Level Annotations

Branches:
Dungeon (5/15)
 Temple: D:4-7

Altars:
Ru


Innate Abilities, Weirdness & Mutations

You have very sharp teeth.
Your uncanny sense of smell can sniff out nearby items.
Your experience applies equally to all skills.


Message History

The iguana bites you!
You take 9 damage, and have 32/47 hp.
You hit the iguana but do no damage.
The iguana is heavily wounded.
The iguana closely misses you. The iguana barely misses you.
You hit the iguana.
The iguana is severely wounded.
The iguana bites you.
You take 4 damage, and have 29/47 hp.
You hit the iguana.
The iguana is almost dead.
The iguana closely misses you.
You hit the iguana but do no damage.
The iguana is almost dead.
The iguana bites you!
You take 12 damage, and have 17/47 hp.
MASSIVE DAMAGE!!
You are too injured to fight recklessly!
You closely miss the iguana.
The iguana is almost dead.
The iguana misses you.
You are too injured to fight recklessly!
You hit the iguana but do no damage.
The iguana is almost dead.
The iguana bites you!
* * * LOW HITPOINT WARNING * * *
The iguana barely misses you.
You take 10 damage, and have 7/47 hp.
MASSIVE DAMAGE!!
You are too injured to fight recklessly!
You hit the iguana but do no damage.
The iguana is almost dead.
The iguana closely misses you.
You are too injured to fight recklessly!
Throw: 6 darts (poison)
Press: ? - help, Q - select action Shift-Dir - straight line, f - iguana
Aim: an iguana (severely wounded, 64% to hit)
You throw a poisoned dart. The poisoned dart hits the iguana.
The iguana is poisoned.
The iguana is severely wounded.
The iguana bites you!
You die...

#..........≈≈
###..........≈≈
#.........#..≈≈
#... ......≈≈≈
..##....≈.≈≈
####.#..# .≈
##.......# .≈≈
#........##..≈
##@##........≈≈
#..l....##.#..≈
##..........##≈≈
##.........## ≈
####...#...#
##..#...###
####.........
##..†.........
#....>#.......


You could see an iguana (poisoned).

Vanquished Creatures
  Jessica (D:2)
  Natasha (twice) (D:3)
  A howler monkey skeleton (D:3)
  An adder (D:2)
  An ufetubus (D:3)
  2 worms
  5 dart slugs
  2 orcs (D:3)
  3 ball pythons
  5 bats
  4 endoplasms
  2 giant cockroaches (D:1)
  5 hobgoblins
  6 kobolds
  A quokka (D:1)
  4 frilled lizards
  3 goblins
  9 rats
57 creatures vanquished.

Notes
Turn   | Place    | Note
-------+----------+-------------------------------------------
     0 | D:1      | backslashecho the Gnoll Wanderer began the quest for the
                  | Orb.
     0 | D:1      | backslashecho set off with the following items: a +2 mace,
                  | a potion of curing, a scroll of teleportation, a +0 robe
     0 | D:1      | Reached XP level 1. HP: 23/23 MP: 1/1
   313 | D:1      | Reached XP level 2. HP: 25/29 MP: 2/2
   842 | D:1      | Found a faded altar of an unknown god.
   901 | D:1      | You fall into a shaft and drop 1 floor!
  1026 | D:1      | Reached XP level 3. HP: 35/35 MP: 3/3
  1589 | D:2      | Noticed Jessica
  1593 | D:2      | Killed Jessica
  1594 | D:2      | Reached skill level 1 in Short Blades
  1594 | D:2      | Reached skill level 1 in Long Blades
  1594 | D:2      | Reached skill level 1 in Polearms
  1594 | D:2      | Reached skill level 1 in Staves
  1594 | D:2      | Reached skill level 1 in Slings
  1594 | D:2      | Reached skill level 1 in Bows
  1594 | D:2      | Reached skill level 1 in Crossbows
  1594 | D:2      | Reached skill level 1 in Dodging
  1594 | D:2      | Reached skill level 1 in Stealth
  1594 | D:2      | Reached skill level 1 in Shields
  1594 | D:2      | Reached skill level 1 in Unarmed Combat
  1594 | D:2      | Reached skill level 1 in Spellcasting
  1594 | D:2      | Reached skill level 1 in Invocations
  1594 | D:2      | Reached XP level 4. HP: 33/41 MP: 5/5
  2312 | D:3      | Reached skill level 1 in Conjurations
  2312 | D:3      | Reached skill level 1 in Hexes
  2312 | D:3      | Reached skill level 1 in Summonings
  2312 | D:3      | Reached skill level 1 in Necromancy
  2312 | D:3      | Reached skill level 1 in Translocations
  2312 | D:3      | Reached skill level 1 in Transmutations
  2312 | D:3      | Reached skill level 1 in Fire Magic
  2312 | D:3      | Reached skill level 1 in Ice Magic
  2312 | D:3      | Reached skill level 1 in Air Magic
  2312 | D:3      | Reached skill level 1 in Earth Magic
  2312 | D:3      | Reached skill level 1 in Poison Magic
  2592 | D:3      | Noticed Natasha
  2600 | D:3      | Killed Natasha
  2601 | D:3      | Reached XP level 5. HP: 22/47 MP: 5/7
  2939 | D:3      | Noticed Natasha
  2949 | D:3      | Killed Natasha
  3325 | D:3      | Found a sacrificial altar of Ru.
  3577 | D:3      | You fall into a shaft and drop 2 floors!
  3577 | D:5      | Entered Level 5 of the Dungeon
  3711 | D:4      | Slain by an iguana

Illustrated notes

Levels and vault maps discovered:
D:1:      matt_arrival_los_fun, layout_basic,
          shapermc_ecumenical_altar_flowoftime
D:2:      layout_basic, uniq_jessica
D:3:      layout_loops_corners, mainiacjoe_overflow_surrounded_room,
          roderic_serpentine_path, minmay_joined_circles, uniq_natasha
D:4:      layout_cave_pools, serial_shops,
          nicolae_shop_competitors_out_of_business, serial_rivers,
          chequers_serial_rivers_micro_c, chequers_serial_rivers_micro_d,
          chequers_serial_rivers_small_3, chequers_serial_rivers_micro_c,
          chequers_serial_rivers_micro_a, chequers_serial_rivers_micro_c
D:5:      layout_loops_ring, uniq_menkaure

Skill      XL: |  1  2  3  4  5 |
---------------+----------------+-----
Short Blades   | 1 |  1.5
Long Blades    | 1 |  1.5
Polearms       | 1 |  1.5
Staves         | 1 |  1.5
Slings         | 1 |  1.5
Bows           | 1 |  1.5
Crossbows      | 1 |  1.5
Dodging        | 1 |  1.5
Stealth        | 1 |  1.5
Shields        | 1 |  1.5
Unarmed Combat | 1 |  1.5
Spellcasting   | 1 |  1.5
Invocations    | 1 |  1.7
Conjurations   | 1 |  1.2
Hexes          | 1 |  1.2
Summonings     | 1 |  1.2
Necromancy     | 1 |  1.2
Translocations | 1 |  1.2
Transmutations | 1 |  1.2
Fire Magic     | 1 |  1.2
Ice Magic      | 1 |  1.2
Air Magic      | 1 |  1.2
Earth Magic    | 1 |  1.2
Poison Magic   | 1 |  1.2
Throwing       | 3 |  3.0
Armour         | 3 |  3.0
Evocations     | 3 |  3.0
Fighting       | |  6.7
Axes           | |  4.8
Maces & Flails | |  4.8

Action                   |  1- 3 |  4- 6 || total
-------------------------+-------+-------++-------
Melee: Mace              |    61 |   107 ||   168
       Bite              |     3 |    10 ||    13
       Punch             |       |     1 ||     1
Throw: Dart              |       |     6 ||     6
  Use: Scroll            |     1 |     1 ||     2
 Stab: Sleeping          |       |     1 ||     1
Armor: Leather armour    |    17 |    13 ||    30
Dodge: Dodged            |    48 |    55 ||   103
